[Event "*** Titled Tuesday Blitz"]
[Site "Chess.com"]
[Date "2020.01.07"]
[Round "1"]
[White "tomozupan"]
[Black "IMRosen"]
[Result "0-1"]
[WhiteElo "2188"]
[BlackElo "2569"]
[TimeControl "180+2"]
[EndTime "13:06:08 PST"]
[Termination "IMRosen won by checkmate"]

1. d4 d5 2. c4 e6 3. Nc3 Nf6 4. Bg5 Be7 5. cxd5 exd5 6. e3 O-O 7. Bd3 Nbd7 8. Qc2 Re8 9. Nf3 Nf8 10. O-O c6 11. Rab1 Ng6 12. b4 a6 13. a4 Bd6 14.
b5 axb5 15. axb5 h6 16. Bxf6 Qxf6 17. bxc6 bxc6 18. Rfc1 Bg4 19. Nd2 Nh4 20. Nf1 Bh3 21. f4 Bxg2 22. Nd1 Ba3 23. Qxc6 Bxc1 24. Qxf6 gxf6 25. Rxc1 Ra2 26. Ng3 Nf3# 0-1

[Event "*** Titled Tuesday Blitz"]
[Site "Chess.com"]
[Date "2020.01.07"]
[Round "1"]
[White "FairChess_on_YouTube"]
[Black "Babbelbox"]
[Result "1-0"]
[WhiteElo "3003"]
[BlackElo "2506"]
[TimeControl "180+2"]
[EndTime "13:06:10 PST"]
[Termination "FairChess_on_YouTube won by resignation"]

1. e4 e5 2. Nf3 Nc6 3. Bb5 Nf6 4. O-O Nxe4 5. d4 Nd6 6. Bxc6 dxc6 7. dxe5 Nf5 8.
Qxd8+ Kxd8 9. Rd1+ Ke8 10. Nc3 Be7 11. h3 Be6 12. g4 Nh4 13. Nxh4 Bxh4 14. Kg2 h5 15. f3 Be7 16. Bf4 b5 17. a3 a5 18. Ne4 Bd5 19. Rd4 hxg4 20. hxg4 Rd8 21. Rad1 Bxe4 22. Rxd8+ Bxd8 23. fxe4 Be7 24. e6 fxe6 25.
Bxc7 a4 26. Be5 Kf7 27. Rd7 Rd8 28. Rc7 Rd2+ 29. Kf3 c5 30. Bf4 Rxc2 31. Bd6 Rxb2 32. Rxe7+ Kf6 33. e5+ Kg6 34. Rxe6+ Kh7 35. Bxc5 1-0

[Event "*** Titled Tuesday Blitz"]
[Site "Chess.com"]
[Date "2020.01.07"]
[Round "1"]
[White "Lifeek"]
[Black "Vugar_Manafov"]
[Result "0-1"]
[WhiteElo "2228"]
[BlackElo "2589"]
[TimeControl "180+2"]
[EndTime "13:06:13 PST"]
[Termination "Vugar_Manafov won by checkmate"]

1. e4 Nf6 2. e5 Nd5 3. d4 d6 4. c4 Nb6 5. f4 dxe5 6. fxe5 Bf5 7. Nf3 e6 8. Nc3 Be7 9. Bd3 Bg4 10. Be3 Nc6 11. O-O Nxd4 12. Bxd4 Bxf3 13. Qxf3 Qxd4+ 14. Kh1 O-O 15. Rae1 Rad8 16. Bb1 Nxc4 17. Re4 Qc5 18. Qg3 Nd2 19. Rg4 g6 20. Bxg6 fxg6 21. Rxg6+ Kh8 22. Rff6 Bxf6 23. exf6 Ne4 24. Qh4 Nf2+ 25.
Kg1 Nh3+ 26. Kh1 Qg1# 0-1

[Event "*** Titled Tuesday Blitz"]
[Site "Chess.com"]
[Date "2020.01.07"]
[Round "1"]
[White "bilelou"]
[Black "penguingm1"]
[Result "0-1"]
[WhiteElo "2510"]
[BlackElo "3097"]
[TimeControl "180+2"]
[EndTime "13:06:14 PST"]
[Termination "penguingm1 won by resignation"]

1. e4 e5 2. Nf3 Nc6 3. Bb5 a6 4. Ba4 Nf6 5. O-O d6 6. d3 b5 7. Bb3 Na5 8. d4 exd4 9. Re1 Be7 10. e5 dxe5 11. Nxe5 O-O 12. Nd2 c5 13. Bxf7+ Rxf7 14. Nxf7 Kxf7 15. Nf3 Nc6 16. Bg5 Qd5 17. h3 h6 18. Bh4 Bf5 19. Bg3 Ne4 20. Bh2 Bf6 21. a4 Re8 22. axb5 axb5 23. Ra6 c4 24. Qa1 Re7 25.
Rd1 Nb4 26. Rxf6+ Nxf6 27. Nxd4 Bxc2 0-1

[Event "*** Titled Tuesday Blitz"]
[Site "Chess.com"]
[Date "2020.01.07"]
[Round "1"]
[White "mohssenbinaddi"]
[Black "GianmarcoVaR"]
[Result "0-1"]
[WhiteElo "2214"]
[BlackElo "2573"]
[TimeControl "180+2"]
[EndTime "13:06:21 PST"]
[Termination "GianmarcoVaR won by resignation"]

1. Nf3 Nf6 2. b3 d6 3. Bb2 e5 4. c4 g6 5. d4 Bg7 6. dxe5 Nfd7 7.
Nbd2 O-O 8. Ne4 dxe5 9. e3 h6 10. Qd5 Qe7 11. O-O-O Nc6 12. a3 Rd8 13. Be2 Nf6 14.
Nxf6+ Bxf6 15. Qb5 Rxd1+ 16. Rxd1 a6 17. Qa4 Bd7 18.
b4 Nd4 19. Qxd7 Qxd7 20. exd4 exd4 21. Nxd4 c5 22. bxc5 Qc7 23. c6 bxc6 24. Bf3 Rd8 25. Bc3 Qf4+ 26. Kc2 Bxd4 0-1

[Event "*** Titled Tuesday Blitz"]
[Site "Chess.com"]
[Date "2020.01.07"]
[Round "1"]
[White "Konavets"]
[Black "Naruto-K"]
[Result "1-0"]
[WhiteElo "2965"]
[BlackElo "2503"]
[TimeControl "180+2"]
[EndTime "13:06:27 PST"]
[Termination "Konavets won by resignation"]

1. d4 Nf6 2. c4 c5 3. d5 g6 4. Nc3 Bg7 5. e4 d6 6. f4 O-O 7. Be2 e6 8. dxe6 fxe6 9. Nf3 Nc6 10. O-O e5 11. fxe5 dxe5 12. Nd5 Nd4 13. Bg5 Qd6 14. Bxf6 Bxf6 15. Nxd4 exd4 16. Bg4 Be5 17. Rxf8+ Kxf8 18. Qf3+ Kg7 19. Bxc8 Rxc8 20. Rf1 Qe6 21. b3 a6 22. a4 b6 23. g3 Rb8 24. Nf4 Bxf4 25. gxf4 b5 26. f5 Qf6 27. Qg3 Rb7 28. e5 Qc6 29. e6 Qe4 30. f6+ Kg8 31. f7+ Kf8 32.
Qd6+ 1-0

[Event "*** Titled Tuesday Blitz"]
[Site "Chess.com"]
[Date "2020.01.07"]
[Round "1"]
[White "gena217"]
[Black "PotapovaM"]
[Result "1-0"]
[WhiteElo "2942"]
[BlackElo "2499"]
[TimeControl "180+2"]
[EndTime "13:06:27 PST"]
[Termination "gena217 won by resignation"]

1. e4 c5 2. Nf3 d6 3. Bb5+ Bd7 4. c4 Nc6 5. O-O Nf6 6. Nc3 g6 7. d4 cxd4 8. Nxd4 Nxd4 9. Qxd4 Bg7 10. e5 dxe5 11.
Qxe5 O-O 12. Rd1 Rc8 13. Bxd7 Nxd7 14. Qb5 Rc7 15. Bf4 e5 16. Be3 a6 17. Qb3 Qe8 18.
Nd5 Rc8 19. Qxb7 Rb8 20. Qxa6 Rxb2 21. Qd6 Nb8 22. c5 e4 23. Nf6+ Bxf6 24. Qxf6 Rc2 25.
Bh6 1-0

[Event "*** Titled Tuesday Blitz"]
[Site "Chess.com"]
[Date "2020.01.07"]
[Round "1"]
[White "Irishchessman16"]
[Black "Mr_Sinigami"]
[Result "0-1"]
[WhiteElo "2192"]
[BlackElo "2571"]
[TimeControl "180+2"]
[EndTime "13:06:27 PST"]
[Termination "Mr_Sinigami won by resignation"]

1. d4 Nf6 2. c4 c5 3. Nf3 g6 4. dxc5 Na6 5. g3 Nxc5 6. Bg2 Bg7 7. O-O O-O 8. Nc3 d6 9. Nd4 a6 10. b3 Ne6 11. Bb2 Rb8 12. Rc1 h5 13. Nxe6 Bxe6 14. Nd5 Nxd5 15. Bxg7 Ne3 16. Qd3 Nxf1 17. Bxf8 Nxg3 18.
Bxe7 Nxe2+ 19. Qxe2 Qxe7 20. Re1 Qg5 21. Qd3 Rd8 22. Qg3 Qxg3 23. hxg3 b5 24. cxb5 axb5 25. Re4 Rd7 26. Rb4 Ra7 27. Rxb5 Rxa2 28. Rb6 d5 29. Rd6 Rb2 30. Kf1 Kf8 31. Rb6 d4 32. Be4 Rxb3 33.
Rd6 Rb4 34. Ke2 Ke7 35. Ra6 Bc4+ 0-1

[Event "*** Titled Tuesday Blitz"]
[Site "Chess.com"]
[Date "2020.01.07"]
[Round "1"]
[White "joejan"]
[Black "M1711"]
[Result "1-0"]
[WhiteElo "2139"]
[BlackElo "2535"]
[TimeControl "180+2"]
[EndTime "13:06:27 PST"]
[Termination "joejan won by resignation"]

1. e4 e5 2. Nf3 Nc6 3. Bb5 a6 4. Bxc6 dxc6 5. Nc3 Bd6 6. d4 Bg4 7. dxe5 Bxf3 8. Qxf3 Bxe5 9. O-O Nf6 10. Bg5 Qe7 11.
Rfe1 O-O-O 12. Bxf6 Bxf6 13. e5 Bg5 14. Ne4 Bh6 15.
Qg3 Rhe8 16. f4 Kb8 17. b4 Qxb4 18. Rab1 Qd4+ 19. Kh1 Ka8 20. Qb3 Rb8 21. Qxf7 Rf8 22. Qxc7 Rfc8 23. Qd6 Qc4 24. e6 Rd8 25. Qe5 Qd5 26. e7 Qxe5 27. exd8=Q Qxf4 28. Qe7 Qf5 29. Nd6 Qg5 30. Rxb7 Qxe7 31. Rxb8+ 1-0

[Event "*** Titled Tuesday Blitz"]
[Site "Chess.com"]
[Date "2020.01.07"]
[Round "1"]
[White "Walter_White_Poland"]
[Black "therealtrader"]
[Result "0-1"]
[WhiteElo "2232"]
[BlackElo "2597"]
[TimeControl "180+2"]
[EndTime "13:06:32 PST"]
[Termination "therealtrader won by checkmate"]

1. e4 c5 2. Nf3 d6 3. d4 cxd4 4.
Nxd4 Nf6 5. Nc3 a6 6. Bg5 e6 7. f4 h6 8. Bh4 Qb6 9. a3 Be7 10. Bf2 Qc7 11. Qf3 Nbd7 12. O-O-O b5 13. Bd3 Bb7 14.
Qh3 Nc5 15. Rhe1 Rc8 16. e5 dxe5 17. fxe5 Nd5 18. Nxd5 Bxd5 19. Qg4 O-O 20. Bg3 Rfd8 21. Bf4 Kf8 22. Re3 Nxd3+ 23. Rdxd3 Be4 24. Rc3 Rxd4 25. Rxc7 Rxc7 26. Rc3 Rdc4 27. Rxc4 Rxc4 28. c3 Bd5 29. Qg3 Rxf4 30. Kc2 Re4 31. Qf2 Rxe5 32. Qb6 f6 33. Qxa6 Re2+ 34. Kd3 Bc4+ 35. Kd4 e5# 0-1

[Event "*** Titled Tuesday Blitz"]
[Site "Chess.com"]
[Date "2020.01.07"]
[Round "1"]
[White "Alex_Molchanov"]
[Black "chessbia"]
[Result "1-0"]
[WhiteElo "2564"]
[BlackElo "2186"]
[TimeControl "180+2"]
[EndTime "13:06:42 PST"]
[Termination "Alex_Molchanov won by resignation"]

1. d4 f5 2. Qd3 g6 3. g4 d6 4. gxf5 Bxf5 5. e4 Bd7 6. Nc3 Bg7 7. h4 Nf6 8. h5 Nxh5 9. Be2 Nf6 10. e5 dxe5 11. dxe5 Ng4 12. Rxh7 Bf5 13. Rxh8+ Bxh8 14. Qb5+ Nd7 15. f4 e6 16. Nf3 Qc8 17. Ng5 a6 18.
Qb3 Nc5 19. Qc4 b6 20. Bd2 Qd7 21. b4 Nb7 22. Bf3 b5 23. Qc6 Rd8 24. Qxd7+ Rxd7 25. Bxb7 Bxc2 26. Bc6 1-0

[Event "*** Titled Tuesday Blitz"]
[Site "Chess.com"]
[Date "2020.01.07"]
[Round "1"]
[White "DoHoChess"]
[Black "Ariadna_Atreides"]
[Result "1-0"]
[WhiteElo "2531"]
[BlackElo "2060"]
[TimeControl "180+2"]
[EndTime "13:06:42 PST"]
[Termination "DoHoChess won by checkmate"]

1. d4 Nf6 2. Nc3 d5 3. Bf4 Bf5 4. e3 e6 5. Nf3 Bd6 6. Ne5 O-O 7. g4 Be4 8. f3 Bg6 9. h4 h5 10. g5 Nfd7 11. Nxg6 fxg6 12. Bxd6 cxd6 13. Bd3 Kf7 14. e4 Re8 15. Qd2 Nc6 16. O-O-O dxe4 17. fxe4 Nxd4 18.
Qf2+ Kg8 19. Qxd4 Nc5 20. Bc4 a6 21. Qxd6 Qxd6 22. Rxd6 b5 23. Bb3 b4 24. Ne2 Rac8 25. Nf4 Kh7 26. e5 a5 27. Nxe6 Ne4 28. Rd4 Nf2 29.
Rf1 Ng4 30. Rd7 Nxe5 31. Rxg7+ Kh8 32. Ra7 Rc6 33. Rf8+ Rxf8 34. Nxf8 Nd3+ 35. Kd2 Nc5 36. Rh7# 1-0

[Event "*** Titled Tuesday Blitz"]
[Site "Chess.com"]
[Date "2020.01.07"]
[Round "1"]
[White "jefferyx"]
[Black "MFBerna"]
[Result "1/2-1/2"]
[WhiteElo "2907"]
[BlackElo "2488"]
[TimeControl "180+2"]
[EndTime "13:06:43 PST"]
[Termination "Game drawn by repetition"]

1. d4 Nf6 2. Nf3 e6 3. Bg5 Be7 4. e3 Ne4 5. Bxe7 Qxe7 6. Nbd2 f5 7. Bd3 d5 8. Ne5 O-O 9. O-O Nd7 10. Nxd7 Bxd7 11.
Nf3 Be8 12. Ne5 Rf6 13. f3 Nd6 14. c4 c6 15. Qb3 Nf7 16. f4 Nd6 17. Qb4 Kf8 18.
a4 Rd8 19. a5 Rh6 20. Qc5 Qh4 21. Nf3 Qe7 22. cxd5 exd5 23. Ne5 Qh4 24. h3 Kg8 25. Qxa7 Bh5 26. a6 bxa6 27. Rxa6 Qg3 28. Qc7 Qxe3+ 29.
Kh1 Rc8 30. Qd7 Be8 31. Qa7 Rxh3+ 32. gxh3 Qxh3+ 33. Kg1 Qg3+ 34. Kh1 Qh3+ 35. Kg1 Qg3+ 36. Kh1 Qh3+ 1/2-1/2

[Event "*** Titled Tuesday Blitz"]
[Site "Chess.com"]
[Date "2020.01.07"]
[Round "1"]
[White "parmupill123"]
[Black "nubair1198"]
[Result "0-1"]
[WhiteElo "2482"]
[BlackElo "2922"]
[TimeControl "180+2"]
[EndTime "13:06:44 PST"]
[Termination "nubair1198 won by resignation"]

1. e4 g6 2. d4 Bg7 3. f4 d5 4. e5 Nh6 5. Nf3 f6 6. Be3 O-O 7. Nbd2 c5 8. c3 Nc6 9. Bd3 Bf5 10. Bxf5 Nxf5 11. Bf2 cxd4 12. cxd4 Qb6 13. Nb3 fxe5 14.
dxe5 Qb4+ 15. Qd2 Bh6 16. g3 Qe4+ 17. Qe2 Nb4 18. Qxe4 dxe4 19. Nfd4 Rfd8 20. Rd1 Nd3+ 21. Ke2 Nxb2 22. Nxf5 gxf5 23. Rxd8+ Rxd8 24. Nc5 b6 25.
Ne6 Rc8 26. Nd4 e6 27. Rb1 Nd3 28. Be3 Kf7 29. a4 Bf8 30. a5 Bc5 31. axb6 Bxb6 32. Nb5 Rc2+ 33. Bd2 Ba5 34. Nd6+ Kg6 35. Nc4 Bb4 36.
Rxb4 Nxb4 0-1

[Event "*** Titled Tuesday Blitz"]
[Site "Chess.com"]
[Date "2020.01.07"]
[Round "1"]
[White "Arystanner"]
[Black "DrRiebert"]
[Result "1-0"]
[WhiteElo "2738"]
[BlackElo "2376"]
[TimeControl "180+2"]
[EndTime "13:06:45 PST"]
[Termination "Arystanner won by checkmate"]

1. c4 c6 2. e4 d5 3. exd5 cxd5 4. cxd5 Nf6 5. Nc3 Nxd5 6. Nf3 Nc6 7. Bb5 e6 8. O-O Be7 9. d4 O-O 10. Re1 Bd7 11. Nxd5 exd5 12. Bd3 Bf6 13. Be3 Qb6 14.
h3 g6 15. Qb3 Qxb3 16. axb3 Nb4 17. Bb1 Rfe8 18. Bd2 Nc6 19. Rxe8+ Rxe8 20. Be3 a6 21. Bd3 Nb4 22. Rd1 Rc8 23. Bb1 Bf5 24. Bxf5 gxf5 25. Bh6 Bg7 26. Bd2 Nc6 27. Be3 Na5 28. Nh4 Nxb3 29. Nxf5 Bf8 30. Bg5 Rc2 31. Rd3 Rxb2 32. Bf6 h6 33. Re3 Bb4 34. Re8+ Kh7 35. g4 Nd2 36.
Rh8+ Kg6 37. Rxh6# 1-0

[Event "*** Titled Tuesday Blitz"]
[Site "Chess.com"]
[Date "2020.01.07"]
[Round "1"]
[White "SoltaniciR"]
[Black "Rainbow2014"]
[Result "1-0"]
[WhiteElo "2617"]
[BlackElo "2275"]
[TimeControl "180+2"]
[EndTime "13:06:51 PST"]
[Termination "SoltaniciR won by resignation"]

1. e4 c5 2. Nf3 e6 3. d4 cxd4 4.
Nxd4 a6 5. Nc3 Qc7 6. Bd3 Bc5 7.
Nb3 Be7 8. Qg4 g6 9. Qe2 d6 10.
Be3 Nf6 11. Bh6 Nc6 12. O-O-O b5 13. Kb1 Bb7 14. Rhe1 Ne5 15. f4 Neg4 16. Bg5 h6 17. Bh4 h5 18. h3 Nh6 19. e5 dxe5 20. fxe5 Nd5 21. Nxd5 Bxd5 22. Bxe7 Qxe7 23. Be4 Bxe4 24. Qxe4 O-O 25. g4 h4 26. Qf4 g5 27. Qe3 Kg7 28. Nd4 Ng8 29. Nc6 Qb7 30. Qxg5+ Kh7 31.
Qxh4+ Kg7 32. Qg5+ Kh7 33. Nd4 Rac8 34. h4 Qe7 35.
Qh5+ Kg7 36. g5 Rc3 37. bxc3 b4 38. c4 1-0

[Event "*** Titled Tuesday Blitz"]
[Site "Chess.com"]
[Date "2020.01.07"]
[Round "1"]
[White "BobanBogosavljevic"]
[Black "BeanScreen"]
[Result "0-1"]
[WhiteElo "2731"]
[BlackElo "2410"]
[TimeControl "180+2"]
[EndTime "13:06:54 PST"]
[Termination "BeanScreen won by resignation"]

1. Nf3 d5 2. c4 dxc4 3. Qa4+ Nc6 4. Qxc4 e5 5. Nc3 Be6 6. Qa4 Bd6 7. e3 Nf6 8. Be2 O-O 9. O-O Nd7 10. Qc2 f5 11. d3 g5 12. a3 g4 13. Nd2 Qh4 14.
Re1 Rf6 15. Nf1 Raf8 16. Nb5 f4 17. exf4 exf4 18. Bd1 f3 19. Rxe6 Rxe6 20. Qc4 Nc5 21. gxf3 Ne5 22. Qd5 c6 23. Qxe6+ Nxe6 24. Nxd6 gxf3 25.
Kh1 Qxf2 0-1

[Event "*** Titled Tuesday Blitz"]
[Site "Chess.com"]
[Date "2020.01.07"]
[Round "1"]
[White "Hrant_ChessMood"]
[Black "patrisiii123"]
[Result "1-0"]
[WhiteElo "2929"]
[BlackElo "2487"]
[TimeControl "180+2"]
[EndTime "13:06:55 PST"]
[Termination "Hrant_ChessMood won by resignation"]

1. e4 e5 2. Nf3 Nc6 3. Bb5 a6 4. Ba4 Nf6 5. O-O Be7 6. Re1 b5 7. Bb3 d6 8. a4 b4 9. a5 O-O 10. c3 bxc3 11. bxc3 Bg4 12. h3 Bh5 13. d3 Re8 14.
Ba4 Qd7 15. Nbd2 Reb8 16. Nf1 h6 17. Ng3 Bg6 18. Nh4 Bh7 19. Nhf5 Bf8 20. d4 exd4 21. cxd4 d5 22. e5 Ne4 23. Nxe4 dxe4 24. Nxh6+ gxh6 25. d5 Qf5 26. Bxc6 Qxe5 27. Qg4+ Kh8 28. Bf4 Qe7 29. Bxa8 Rxa8 30. Qg3 Bg7 31. Rac1 Rd8 32.
Rxc7 Qf6 33. d6 Qf5 34. Rec1 Qxa5 35. Rxf7 Rg8 36. Rxg7 Rxg7 37. Be5 1-0

[Event "*** Titled Tuesday Blitz"]
[Site "Chess.com"]
[Date "2020.01.07"]
[Round "1"]
[White "HouseOfDurin"]
[Black "Ginzburg_Yakov"]
[Result "0-1"]
[WhiteElo "2107"]
[BlackElo "2545"]
[TimeControl "180+2"]
[EndTime "13:06:58 PST"]
[Termination "Ginzburg_Yakov won by checkmate"]

1. d4 d5 2. Bg5 h6 3. Bh4 c6 4. f3 Qb6 5. b3 e5 6. dxe5 Qb4+ 7. Qd2 Qxh4+ 8. g3 Qb4 9. c3 Qb6 10. e3 Bc5 11. Kf2 a5 12. Ne2 Ne7 13. Nd4 O-O 14.
Bd3 Nd7 15. f4 Qc7 16. Bc2 Re8 17. h4 Nf8 18. Qe2 Bxd4 19. cxd4 Bf5 20. Nc3 Bxc2 21. Qxc2 c5 22. Nb5 Qd7 23. Nd6 cxd4 24. Nxe8 dxe3+ 25. Kxe3 Rxe8 26. Rad1 Rc8 27. Qd3 Qg4 28. Kf2 Ne6 29. Rd2 Nc5 30. Qe2 Ne4+ 31. Kg2 Qxg3+ 32. Kf1 Rc1+ 33.
Rd1 Rxd1+ 34. Qxd1 Qf2# 0-1

[Event "*** Titled Tuesday Blitz"]
[Site "Chess.com"]
[Date "2020.01.07"]
[Round "1"]
[White "yoolund"]
[Black "Simon2049"]
[Result "0-1"]
[WhiteElo "2502"]
[BlackElo "2190"]
[TimeControl "180+2"]
[EndTime "13:06:59 PST"]
[Termination "Simon2049 won by resignation"]

1. d4 d5 2. Nf3 e6 3. c4 Nf6 4.
Nc3 c5 5. cxd5 Nxd5 6. e4 Nxc3 7. bxc3 cxd4 8. cxd4 Bb4+ 9. Bd2 Bxd2+ 10. Qxd2 O-O 11. Bc4 Nd7 12. O-O b6 13. Rfe1 Bb7 14. Rad1 Nf6 15.
Qf4 Rc8 16. Bb3 Qc7 17. Qxc7 Rxc7 18. d5 exd5 19. exd5 Rd7 20. Ne5 Rd6 21. Nc6 Ra8 22.
Re7 Rd7 23. Rde1 Kf8 24. Rxd7 Nxd7 25. Ne5 Rd8 26. Nxd7+ Rxd7 27. Rd1 Ke7 28. Kf1 Kd6 29.
Ke2 Ke5 30. Ke3 Bxd5 31. f4+ Ke6 32. g4 Bxb3 33. f5+ Ke7 34. Rxd7+ Kxd7 35. axb3 Kd6 36. Kd4 f6 37. h4 a5 38. g5 b5 39. Ke4 a4 40.
bxa4 bxa4 41. Kd4 a3 42. Kc3 Ke5 43. Kb3 Kxf5 44. gxf6 gxf6 45. Kxa3 Kg4 46. Kb3 Kxh4 47. Kc3 Kg3 48. Kd3 f5 49. Ke2 f4 50. Kf1 Kf3 0-1

[Event "*** Titled Tuesday Blitz"]
[Site "Chess.com"]
[Date "2020.01.07"]
[Round "1"]
[White "JonahWillow"]
[Black "Chimpinha"]
[Result "1-0"]
[WhiteElo "2782"]
[BlackElo "2406"]
[TimeControl "180+2"]
[EndTime "13:07:01 PST"]
[Termination "JonahWillow won by resignation"]

1. e4 e6 2. d4 d5 3. Nd2 c5 4.
Ngf3 cxd4 5. exd5 Qxd5 6. Bc4 Qd8 7.
O-O Nc6 8. Nb3 a6 9. a4 Qc7 10. Qe2 Nf6 11. Rd1 Bd6 12. Nbxd4 Nxd4 13. Rxd4 Bd7 14. Bg5 Bc5 15. Rh4 Bc6 16. Ne5 Bd5 17. Bxf6 gxf6 18. Ng4 Bxc4 19. Nxf6+ Ke7 20. Rxc4 Kxf6 21. b4 b5 22. Rxc5 Qd6 23. Qf3+ Ke7 24.
Qb7+ Kf6 25. axb5 Rab8 26. Qf3+ Ke7 27. Rxa6 Qd4 28. Ra7+ Kd8 29. h3 Qa1+ 30. Kh2 Qg7 31. Qd3+ 1-0

[Event "*** Titled Tuesday Blitz"]
[Site "Chess.com"]
[Date "2020.01.07"]
[Round "1"]
[White "ehrenfeld"]
[Black "Blagorod"]
[Result "1-0"]
[WhiteElo "2543"]
[BlackElo "2094"]
[TimeControl "180+2"]
[EndTime "13:07:02 PST"]
[Termination "ehrenfeld won by resignation"]

1. e4 e5 2. Nc3 Nf6 3. f4 d6 4. Nf3 Nbd7 5. Bc4 Be7 6. Bxf7+ Kxf7 7. Ng5+ Kg8 8. Ne6 Qe8 9. Nxc7 Qg6 10. O-O Rb8 11.
d4 exf4 12. Bxf4 Nf8 13. e5 Ne8 14. Nxe8 Qxe8 15. exd6 Bf6 16. d7 Bxd7 17. Bxb8 Qxb8 18. Nd5 Ng6 19. Rxf6 Bc6 20. Rxc6 bxc6 21. Qg4 Qe8 22. Nc7 Qe7 23. Ne6 Nf8 24. Nxf8 Kxf8 25. Rf1+ Ke8 26. Qc8+ 1-0

[Event "*** Titled Tuesday Blitz"]
[Site "Chess.com"]
[Date "2020.01.07"]
[Round "1"]
[White "W_Amadeus"]
[Black "Quiet_Desperation"]
[Result "1-0"]
[WhiteElo "2714"]
[BlackElo "2358"]
[TimeControl "180+2"]
[EndTime "13:07:04 PST"]
[Termination "W_Amadeus won by resignation"]

1. e4 Nc6 2. Nf3 d6 3. d4 Nf6 4. Nc3 d5 5. e5 Ne4 6. Bd3 Bf5 7.
O-O e6 8. Ne2 Be7 9. c3 O-O 10. h3 Na5 11. Nf4 b6 12. Qe2 h6 13.
Nd2 Nxd2 14. Bxd2 Bxd3 15. Nxd3 c5 16. f4 cxd4 17. cxd4 Nc4 18. Bc1 Rc8 19. f5 exf5 20. Rxf5 Qd7 21. Rf1 f6 22. e6 Qc6 23. Bxh6 gxh6 24.
Qg4+ Kh8 25. Qg6 Qxe6 26. Qxh6+ Kg8 27. Rf4 Qe3+ 28. Kh1 Qxd3 29. Re1 Ne3 30. Rxe3 Rc1+ 31. Kh2 Qxe3 32. Qg6+ Kh8 33. Rh4+ 1-0

[Event "*** Titled Tuesday Blitz"]
[Site "Chess.com"]
[Date "2020.01.07"]
[Round "1"]
[White "LimeInTheCoconut"]
[Black "1stSecond"]
[Result "0-1"]
[WhiteElo "2435"]
[BlackElo "2823"]
[TimeControl "180+2"]
[EndTime "13:07:06 PST"]
[Termination "1stSecond won by resignation"]

1. Nf3 d5 2. e3 Nf6 3. c4 e6 4. b3 a6 5. Bb2 Be7 6. cxd5 exd5 7. Nc3 O-O 8. d4 Re8 9. Be2 Bf5 10. O-O Bd6 11. Rc1 h6 12. Bd3 Bxd3 13. Qxd3 Nbd7 14. Ne2 c6 15. Ng3 Ne4 16. Nd2 Ndf6 17. Ngxe4 Nxe4 18. Nxe4 Rxe4 19. g3 Qg5 20. Rce1 Rae8 21. Bc1 h5 22. Qd1 Qg6 23. Qf3 h4 24. Qg2 hxg3 25. fxg3 Bb4 26. Rd1 Qh5 27. Rf3 f6 28. Rdf1 c5 29. Rf5 Qf7 30.
a3 Bc3 31. dxc5 d4 32. exd4 Bxd4+ 33. Kh1 Qxb3 34. Qh3 Qc4 35. Rh5 Kf7 36. Rhf5 R4e5 37.
Qh5+ Kg8 38. Qf3 Rxf5 39. Qxf5 Qxc5 40. Qg6 Qc6+ 0-1

[Event "*** Titled Tuesday Blitz"]
[Site "Chess.com"]
[Date "2020.01.07"]
[Round "1"]
[White "Alopekos"]
[Black "maciek_92"]
[Result "0-1"]
[WhiteElo "2417"]
[BlackElo "2803"]
[TimeControl "180+2"]
[EndTime "13:07:11 PST"]
[Termination "maciek_92 won by checkmate"]

1. e4 c5 2. Nc3 Nc6 3. Nge2 Nf6 4. d4 cxd4 5. Nxd4 d6 6. Bg5 e6 7. Qd2 a6 8. O-O-O Bd7 9. f4 b5 10. Bxf6 gxf6 11. Kb1 Qb6 12. Nce2 b4 13. f5 Nxd4 14.
Nxd4 e5 15. Ne2 h5 16. Nc1 Rc8 17. Bd3 a5 18. Qe2 Qc6 19. Nb3 a4 20. Na5 Qc5 21. Ba6 Qxa5 22. Bxc8 Bxc8 23. Rd5 Qc7 24. Qb5+ Bd7 25.
Qxb4 Be7 26. Rhd1 Kf8 27. Qe1 h4 28. R5d3 Qb7 29. Rh3 Bc6 30. Rxh4 Rxh4 31. Qxh4 Ke8 32. Re1 a3 33. b3 Qb4 34. c4 Qc3 35. Qf2 Bd8 36.
Re3 Qd4 37. Qe1 Qb2# 0-1

[Event "*** Titled Tuesday Blitz"]
[Site "Chess.com"]
[Date "2020.01.07"]
[Round "1"]
[White "Rud_Makarian"]
[Black "Mikasinski"]
[Result "1-0"]
[WhiteElo "2630"]
[BlackElo "2288"]
[TimeControl "180+2"]
[EndTime "13:07:11 PST"]
[Termination "Rud_Makarian won by resignation"]

1. Nf3 Nf6 2. d4 g6 3. c4 Bg7 4. g3 d6 5. Bg2 O-O 6. O-O Nc6 7. Nc3 a6 8. Bf4 Rb8 9. Rc1 Bd7 10. Qd3 Nh5 11. Bg5 h6 12. Bd2 e5 13. dxe5 Nxe5 14.
Nxe5 dxe5 15. Rfd1 Be6 16. Be3 Qxd3 17. exd3 c6 18.
b3 Rfd8 19. Bb6 Rd7 20. Ne4 Re7 21. Nc5 Bg4 22. Re1 Rbe8 23. Ne4 Be6 24. Nd6 Rb8 25. a4 Nf6 26. b4 Nd7 27. Ba7 Ra8 28. Be3 f5 29. Nxb7 Nf6 30. Nc5 Ng4 31. Bxc6 Rc8 32. Nxe6 Rxc6 33. Nxg7 Kxg7 34. b5 axb5 35. cxb5 Rxc1 36.
Rxc1 Rd7 37. a5 Rxd3 38. a6 Ra3 39. Bc5 Ra5 40. a7 Nf6 41. b6 Nd7 42. b7 1-0

[Event "*** Titled Tuesday Blitz"]
[Site "Chess.com"]
[Date "2020.01.07"]
[Round "1"]
[White "Genghis_K"]
[Black "kingofthenil"]
[Result "1-0"]
[WhiteElo "2904"]
[BlackElo "2475"]
[TimeControl "180+2"]
[EndTime "13:07:17 PST"]
[Termination "Genghis_K won by resignation"]

1. e4 Nc6 2. d4 d5 3. Nc3 dxe4 4. d5 Nb8 5. f3 Nf6 6. fxe4 e6 7.
Bg5 Bb4 8. Qf3 h6 9. Bxf6 Qxf6 10. Qxf6 gxf6 11. Ne2 c6 12. a3 Ba5 13. O-O-O Ke7 14. g3 Nd7 15. d6+ Ke8 16. Nf4 b5 17. Nh5 b4 18.
axb4 Bxb4 19. Be2 Bb7 20. Rhf1 c5 21. Bb5 Kd8 22. Bxd7 Kxd7 23. Nxf6+ Kd8 24. e5 c4 25.
Nce4 Rf8 26. c3 Ba5 27. Nc5 Bc6 28. Nh7 Rh8 29. Rxf7 Bb6 30. Nxe6+ Kc8 31. d7+ Kb7 32. d8=Q+ 1-0

[Event "*** Titled Tuesday Blitz"]
[Site "Chess.com"]
[Date "2020.01.07"]
[Round "1"]
[White "JozefKneht"]
[Black "snowlord"]
[Result "0-1"]
[WhiteElo "2404"]
[BlackElo "2778"]
[TimeControl "180+2"]
[EndTime "13:07:24 PST"]
[Termination "snowlord won by resignation"]

1. e4 e6 2. d4 d5 3. Nc3 Bb4 4.
e5 Ne7 5. a3 Bxc3+ 6. bxc3 c5 7. Qg4 Qc7 8. Qxg7 Rg8 9. Qxh7 cxd4 10. Kd1 dxc3 11. Nf3 Nbc6 12. Ng5 Rf8 13. f4 Bd7 14.
Bd3 d4 15. h4 Nd5 16. Nxf7 Rxf7 17. Bg6 Nd8 18. f5 Qxe5 19. Bg5 Ba4 20. fxe6 Qxe6 21. Re1 Ne3+ 22. Bxe3 dxe3 23. Qh8+ Ke7 24. Qxc3 Qxg6 25. Rxe3+ Kf8 26. Qh8+ Qg8 27. Qh6+ Qg7 28. Qd6+ Kg8 29. Rg3 Rd7 30. Rxg7+ Kxg7 31. Qxd7+ Bxd7 32. Rb1 b6 0-1

[Event "*** Titled Tuesday Blitz"]
[Site "Chess.com"]
[Date "2020.01.07"]
[Round "1"]
[White "Dhaydon19"]
[Black "PowerThinking2650"]
[Result "1-0"]
[WhiteElo "2703"]
[BlackElo "2352"]
[TimeControl "180+2"]
[EndTime "13:07:24 PST"]
[Termination "Dhaydon19 won by checkmate"]

1. d4 Nf6 2. Nf3 g6 3. Bf4 Bg7 4. e3 b6 5. c4 Bb7 6. Nc3 O-O 7. Be2 d6 8. Qc2 Nbd7 9. Rd1 a6 10. h3 Qe8 11. O-O e5 12. dxe5 Nxe5 13. Nxe5 dxe5 14.
Bg5 h6 15. Bxf6 Bxf6 16. Bf3 Bxf3 17. gxf3 c6 18. c5 b5 19. Kg2 Be7 20. Ne4 Rd8 21. Rxd8 Qxd8 22. Rd1 Qc8 23. Nd6 Bxd6 24. Rxd6 Rd8 25.
Qd3 Rxd6 26. cxd6 Qd7 27. b4 f5 28. h4 Kf7 29. Qb3+ Kg7 30. Qa3 Qxd6 31. Qxa6 e4 32. fxe4 fxe4 33. Qb7+ Kf6 34. Qc8 Qe6 35. Qf8+ Ke5 36.
Qg7+ Kd6 37. Qxh6 Qg4+ 38. Kh2 Kd5 39. Qf4 Qe6 40. f3 exf3 41. Qd4# 1-0